 Dungeon Crawl Stone Soup version 0.28.0-43-g3370ac3207 (webtiles) character file.

Game seed: 8719052625397990660

5084 croobank the Blocker (level 10, -5/91 HPs)
             Began as a Minotaur Fighter on Mar 12, 2022.
             Was an Initiate of Yredelemnul.
             Slain by a two-headed ogre
             ... wielding a +0 giant spiked club
              (17 damage)
             ... on level 7 of the Dungeon on Mar 13, 2022.
             The game lasted 00:39:16 (7279 turns).

croobank the Blocker (Minotaur Fighter)             Turns: 7279, Time: 00:39:21

Health: -5/91      AC: 19    Str: 25    XL:     10   Next: 31%
Magic:  9/9        EV:  9    Int:  5    God:    Yredelemnul [......]
Gold:   328        SH:  6    Dex: 16    Spells: 9/9 levels left

rFire   . . .      SeeInvis .   a - +0 war axe
rCold   . . .      Faith    .   c - +0 buckler
rNeg    . . .      Spirit   .   d - +4 scale mail
rPois   .          Reflect  .   (helmet restricted)
rElec   .          Harm     .   (no cloak)
rCorr   .          Rampage  .   (no gloves)
Will    .....                   l - +2 pair of boots
Stlth   ..........              (no amulet)
HPRegen 0.25/turn               f - +4 ring of protection
MPRegen 0.11/turn               r - +6 ring of dexterity

@: studying Armour
A: horns 2, retaliatory headbutt
a: Renounce Religion, Recall Undead Harvest


You were on level 7 of the Dungeon.
You worshipped Yredelemnul.
Yredelemnul was noncommittal.
You visited 2 branches of the dungeon, and saw 9 of its levels.

You collected 328 gold pieces.

Inventory:

Hand Weapons
 a - a +0 war axe (weapon)
 b - a +4 hunting sling
 h - a +0 dagger of flaming
 i - a +2 short sword of speed
 k - a +0 vampiric hand axe
 o - a +0 battleaxe
 t - a +0 falchion
 x - a +0 morningstar
 z - a +2 dagger of venom
Missiles
 e - 66 arrows
 j - 122 stones (quivered)
 m - 14 bolts
 n - 5 poisoned darts
 p - 38 sling bullets
 s - 6 boomerangs
Armour
 c - a +0 buckler (worn)
 d - a +4 scale mail (worn)
 l - a +2 pair of boots (worn)
 A - the +1 ring mail "Zuroxzef" {Int+4 Slay+2}
   (You found it on level 4 of the Dungeon)

   Int:       It affects your intelligence (+4).
   Slay:      It affects your accuracy & damage with ranged weapons and melee
   (+2).
Jewellery
 f - a +4 ring of protection (left hand)
 r - a +6 ring of dexterity (right hand)
 y - a ring of positive energy
Wands
 w - a wand of paralysis (9)
Scrolls
 u - a scroll of magic mapping
Potions
 g - 4 potions of curing
 v - a potion of brilliance
 B - a potion of attraction
 C - a potion of degeneration {unknown}
 D - a potion of flight {unknown}


   Skills:
 + Level 9.1 Fighting
 + Level 8.6 Axes
 + Level 6.9 Slings
 + Level 9.2 Armour
 + Level 9.2 Shields


You had 9 spell levels left.
You didn't know any spells.
Your spell library contained the following spells:

 Spells                   Type           Power      Damage    Failure   Level
 Corpse Rot               Necr/Air       0%         N/A       90%         2
 Poisonous Vapours        Pois/Air       0%         N/A       90%         2
 Conjure Flame            Conj/Fire      0%         6-21      99%         3
 Ignite Poison            Fire/Tmut/Pois 0%         N/A       99%         3
 Sticky Flame             Conj/Fire      0%         2d3       100%        4


Dungeon Overview and Level Annotations

Branches:
Dungeon (8/15)             Temple (1/1) D:4
   Lair: D:8-11

Altars:
Ashenzari
Cheibriados
Dithmenos
Elyvilon
Fedhas
Gozag
Hepliaklqana
Kikubaaqudgha
Makhleb
Nemelex Xobeh
Okawaru
Qazlal
Ru
Sif Muna
Trog
Uskayaw
Vehumet
Wu Jian
Xom
Yredelemnul
Zin
The Shining One

Annotations:
D:7 Prince Ribbit


Innate Abilities, Weirdness & Mutations

You have a pair of horns on your head.
You reflexively headbutt those who attack you in melee.


Message History

Press: ? - help, Shift-Dir - straight line, f/p - two-headed ogre
Aim: a two-headed ogre, wielding a +0 giant spiked club and a +0 giant club (lightly wounded, chance to affect: 31%)
The two-headed ogre easily resists.
Aiming: Paralyse
Press: ? - help, Shift-Dir - straight line, f/p - two-headed ogre
Aim: a two-headed ogre, wielding a +0 giant spiked club and a +0 giant club (lightly wounded, chance to affect: 31%)
The two-headed ogre easily resists.
The two-headed ogre hits you but does no damage.
You block the two-headed ogre's attack.
Things that are here:
a +0 scale mail; a +0 dagger You see here a +0 club.
You hit the two-headed ogre but do no damage.
The two-headed ogre is lightly wounded.
The two-headed ogre hits you with a +0 giant spiked club!
You block the two-headed ogre's attack.
You hit the two-headed ogre but do no damage.
You headbutt the two-headed ogre!
The two-headed ogre is moderately wounded.
Okay, then.
Okay, then.
Really read the scroll of torment?
As you read the scroll of torment, it crumbles to dust.
Your body is wracked with pain!
The two-headed ogre convulses!
The ogre convulses!
You block the two-headed ogre's attack. x2
The ogre hits you but does no damage.
You barely miss the two-headed ogre. You headbutt the two-headed ogre.
The two-headed ogre is severely wounded.
You slash the ogre!
The two-headed ogre hits you with a +0 giant spiked club!
The two-headed ogre barely misses you. The ogre hits you but does no damage.
You hit the two-headed ogre but do no damage.
You headbutt the two-headed ogre, but do no damage.
The two-headed ogre is severely wounded.
You barely miss the ogre.
The two-headed ogre hits you with a +0 giant spiked club!!
* * * LOW HITPOINT WARNING * * *
The two-headed ogre hits you with a +0 giant club!
You die...
Your body rises from the dead as a mindless zombie.

###### #....# #########
#....# #.......# #....#
#.<.....#
#....###########@).....#
#.............WOO......###
#....###########.........#
#....# .... #.......#.# #
#....# ..... #.......#.##
## ####O### ....
#.......#..# ##. #...##...
#########..# #.. ###.#..#
#.## #.. # ##O#.### #.#
#..


You could see a two-headed ogre, a wraith and an ogre.

Vanquished Creatures
  Pikel (D:5)
  A shadow (D:6)
  A vampire (D:7)
  2 wyverns
  Grum (D:8)
  2 water moccasins
  An orc warrior (D:7)
  3 ice beasts
  A hornet zombie (D:7)
  A black bear (D:6)
  3 ogres
  3 necrophages
  A wolf (D:8)
  A centaur (D:7)
  A phantom (D:4)
  3 lemures (D:5)
  A bullfrog (D:7)
  5 scorpions
  A water moccasin skeleton (D:5)
  A wight (D:6)
  A killer bee (D:6)
  3 howler monkeys
  3 jellies (D:6)
  2 bullfrog zombies
  3 orc priests
  2 hounds
  A gnoll shaman (D:4)
  Terence (D:2)
  Natasha (thrice) (D:2)
  6 iguanas
  5 orc wizards
  A hound zombie (D:5)
  A hound skeleton (D:5)
  Robin (D:2)
  6 adders
  7 gnolls
  A white imp (D:5)
  2 ufetubi
  2 worms
  2 dart slugs
  32 orcs
  4 ball pythons
  7 endoplasms
  A giant cockroach (D:1)
  9 goblins
  10 hobgoblins
  6 jackals
  9 kobolds
  3 quokkas
  6 bats
  4 frilled lizards
  4 rats
182 creatures vanquished.

Vanquished Creatures (collateral kills)
  A troll (D:6)
  An orc warrior (D:8)
  A necrophage (D:5)
  An ogre (D:5)
  2 wolves (D:8)
  A scorpion (D:6)
  A bullfrog zombie (D:5)
  A killer bee zombie (D:6)
  A howler monkey skeleton (D:7)
  An adder skeleton (D:4)
  An orc (D:8)
  A quokka (D:4)
13 creatures vanquished.

Vanquished Creatures (others)
  An ogre (D:5)
  A water moccasin zombie (D:7)
  3 spectral ice beasts
  A wolf zombie (D:8)
  A bullfrog zombie (D:7)
  A scorpion zombie (D:7)
  3 ogre zombies
  A necrophage zombie (D:6)
  A hound zombie (D:6)
  2 spectral jellies (D:6)
  2 adders (D:5)
  A gnoll zombie (D:4)
  4 orc zombies
  A quokka zombie (D:5)
23 creatures vanquished.

Grand Total: 218 creatures vanquished

Notes
Turn   | Place    | Note
-------+----------+-------------------------------------------
     0 | D:1      | croobank the Minotaur Fighter began the quest for the Orb.
     0 | D:1      | Reached XP level 1. HP: 19/19 MP: 0/0
   120 | D:1      | Reached XP level 2. HP: 27/27 MP: 1/1
   588 | D:1      | Reached XP level 3. HP: 31/33 MP: 2/2
   669 | D:2      | Noticed a scorpion
   678 | D:2      | Killed a scorpion
   679 | D:2      | Reached XP level 4. HP: 23/41 MP: 3/3
   881 | D:2      | Noticed Natasha
   886 | D:2      | Noticed Robin
   887 | D:2      | Killed Natasha
   897 | D:2      | Killed Robin
   898 | D:2      | Reached XP level 5. HP: 35/47 MP: 4/4
  1133 | D:2      | Noticed Natasha
  1141 | D:2      | Killed Natasha
  1240 | D:2      | Noticed Terence
  1246 | D:2      | Killed Terence
  1371 | D:2      | Noticed Natasha
  1379 | D:2      | Killed Natasha
  1380 | D:2      | Reached skill level 5 in Fighting
  1380 | D:2      | Reached skill level 5 in Shields
  1435 | D:2      | Reached skill level 5 in Armour
  1556 | D:2      | Reached skill level 1 in Slings
  1599 | D:2      | Reached XP level 6. HP: 56/56 MP: 5/5
  2972 | D:4      | Found a staircase to the Ecumenical Temple.
  2981 | Temple   | Entered the Ecumenical Temple
  3159 | Temple   | Became a worshipper of Yredelemnul the Dark
  3214 | D:4      | Reached XP level 7. HP: 46/61 MP: 6/6
  3295 | D:4      | Reached * piety under Yredelemnul
  3331 | D:4      | Reached ** piety under Yredelemnul
  3334 | D:4      | Identified the +1 ring mail "Zuroxzef" {Int+4 Slay+2}
  3380 | D:4      | Reached skill level 5 in Axes
  3802 | D:5      | Entered Level 5 of the Dungeon
  3845 | D:5      | Noticed Pikel
  3866 | D:5      | HP: 3/62 [Pikel/+2 whip of electrocution (6)]
  3880 | D:5      | HP: 3/62 [Pikel/+2 whip of electrocution (5)]
  4382 | D:5      | Killed Pikel
  4383 | D:5      | Reached XP level 8. HP: 58/71 MP: 7/7
  4419 | D:5      | Found a shimmering altar of Xom.
  4824 | D:5      | Reached XP level 9. HP: 79/79 MP: 8/8
  4834 | D:5      | Reached *** piety under Yredelemnul
  4929 | D:5      | Reached skill level 5 in Slings
  5186 | D:5      | You fall into a shaft and drop 3 floors!
  5249 | D:8      | Noticed Grum
  5279 | D:8      | Killed Grum
  6023 | D:6      | Noticed a troll
  6037 | D:6      | Killed a troll
  6224 | D:6      | Noticed a four-headed hydra
  6338 | D:6      | HP: 1/82 [four-headed hydra (7)]
  6783 | D:6      | Reached XP level 10. HP: 62/90 MP: 9/9
  6899 | D:7      | Noticed Prince Ribbit
  6913 | D:7      | Noticed a two-headed ogre
  7279 | D:7      | Slain by a two-headed ogre

Illustrated notes

Levels and vault maps discovered:
D:1:      minmay_arrival_glassed_features, layout_basic
D:2:      layout_loops_cross, serial_park_tiny_pond, grunt_decor_clamped,
          uniq_terence, uniq_natasha, uniq_robin
D:3:      layout_basic
D:4:      layout_loops_ring, minmay_temple_entry_antechambers, minmay_distorted
D:5:      layout_gridville, xom_confusion_cloud, grunt_ministairs_9, uniq_pikel
D:6:      layout_rooms, minmay_manual_monolith
D:7:      layout_rooms, amethyst_killhole, minmay_manual_moon,
          uniq_prince_ribbit1
D:8:      layout_loops_ring, serial_shops, shop, lemuel_old_faithful, uniq_grum
Temple:   nicolae_temple_the_god_donut

Skill      XL: |  1  2  3  4  5  6  7  8  9 10 |
---------------+-------------------------------+-----
Shields        | 4 5 6 7 8 9 |  9.2
Fighting       | 4 5 6 7 8 9 |  9.1
Armour         | 4 5 6 7 8 9 |  9.2
Axes           | 3 4 6 8 |  8.6
Slings         | 1 2 4 6 |  6.9

Action                   |  1- 3 |  4- 6 |  7- 9 | 10-12 || total
-------------------------+-------+-------+-------+-------++-------
Melee: War axe           |    48 |   135 |   185 |    64 ||   432
       Headbutt          |     4 |    15 |    37 |    14 ||    70
       Short sword       |       |       |    10 |       ||    10
       Dagger            |       |       |     8 |       ||     8
 Fire: Hunting sling     |       |    14 |    24 |     1 ||    39
Throw: Stone             |       |       |     4 |       ||     4
Invok: Recall Undead Har |       |       |       |     1 ||     1
Evoke: Wand              |       |       |       |     6 ||     6
  Use: Potion            |     1 |       |     3 |     1 ||     5
       Scroll            |       |     5 |    15 |     3 ||    23
 Stab: Distracted        |       |       |     2 |       ||     2
Armor: Scale mail        |    19 |    82 |   140 |    38 ||   279
Dodge: Dodged            |    23 |    68 |    98 |    29 ||   218
Block: Buckler           |    13 |    43 |    60 |    24 ||   140
